NWL (28 & UNDER)
MOOSE JAW GHOSTBUSTERS @ BISMARK BORDER GUARDS
06/01/2023
 
TOP OF THE 1ST
Moose Jaw Ghostbusters batting - Pitching for Bismark Border Guards : RHP Ramón Fonseca
Pitching: RHP Ramón Fonseca
Batting: RHB Pedro Meza 0-0: Ground out 3-1 (Groundball, 34)
Batting: LHB Will Vale 0-0: Fly out, F7 (Flyball, 78M)
Batting: RHB Earl Wiggins 0-0: Ball
1-0: Called Strike
1-1: Fly out, F8 (Flyball, 89XD)
Top of the 1st over - 0 run(s), 0 hit(s), 0 error(s), 0 left on base; Moose Jaw 0 - Bismark 0
BOTTOM OF THE 1ST
Bismark Border Guards batting - Pitching for Moose Jaw Ghostbusters : LHP Martin White
Pitching: LHP Martin White
Batting: LHB Nelson Peña 0-0: Ball
1-0: Foul Ball, location: 2F
1-1: Called Strike
1-2: Strikes out looking
Batting: RHB Mike Wright 0-0: Foul Ball, location: 2F
0-1: Swinging Strike
0-2: Strikes out swinging
Batting: RHB Carlos MacKinney 0-0: Ball
1-0: Called Strike
1-1: SINGLE (Line Drive, 4M)
Batting: RHB Salvador Borbón 0-0: Ball
1-0: Ball
2-0: Called Strike
2-1: SINGLE (Groundball, 56D) (infield hit)
Carlos MacKinney to second
Batting: LHB Jim Jensen 0-0: Foul Ball, location: 2F
0-1: Ball
1-1: Ball
2-1: Ball
3-1: Fly out, F9 (Flyball, 9M)
Bottom of the 1st over - 0 run(s), 2 hit(s), 0 error(s), 2 left on base; Moose Jaw 0 - Bismark 0
TOP OF THE 2ND
Moose Jaw Ghostbusters batting - Pitching for Bismark Border Guards : RHP Ramón Fonseca
Batting: RHB Paco Hernández 0-0: Foul Ball, location: 2F
0-1: Foul Ball, location: 2F
0-2: Ball
1-2: Ground out 4-3 (Groundball, 4)
Batting: LHB Bartolo Villanueva 0-0: DOUBLE (Groundball, 3L)
Batting: RHB Domingo Matos 0-0: Swinging Strike
0-1: Ball
1-1: Ball
Wild Pitch!
Bartolo Villanueva to third
2-1: Foul Ball, location: 2F
2-2: Ball
3-2: Foul Ball, location: 2F
3-2: Strikes out swinging
Batting: RHB John Major 0-0: Ball
1-0: Fly out, F9 (Flyball, 9S)
Top of the 2nd over - 0 run(s), 1 hit(s), 0 error(s), 1 left on base; Moose Jaw 0 - Bismark 0
BOTTOM OF THE 2ND
Bismark Border Guards batting - Pitching for Moose Jaw Ghostbusters : LHP Martin White
Batting: RHB Sean Anderson 0-0: Ball
1-0: DOUBLE (Line Drive, 7LS)
Batting: RHB José Cintrón 0-0: Ball
1-0: Ball
2-0: Foul Ball, location: 2F
2-1: Ball
3-1: Swinging Strike
3-2: Base on Balls
Batting: LHB John Summers 0-0: Fly out, F8 (Flyball, 89M)
0-0: Fly out, F8 (Flyball, 89M)
Batting: RHB Enrico Rodríguez 0-0: Ball
1-0: Foul Ball, location: 2F
1-1: Swinging Strike
1-2: Ball
2-2: Foul Ball, location: 2F
2-2: Strikes out swinging
Batting: LHB Nelson Peña 0-0: Called Strike
0-1: Called Strike
0-2: Ball
1-2: Strikes out swinging
Bottom of the 2nd over - 0 run(s), 1 hit(s), 0 error(s), 2 left on base; Moose Jaw 0 - Bismark 0
TOP OF THE 3RD
Moose Jaw Ghostbusters batting - Pitching for Bismark Border Guards : RHP Ramón Fonseca
Batting: RHB Aaron Wilson 0-0: SOLO HOME RUN (Flyball, 9LD), Distance : 352 ft
Batting: LHB Carlos López 0-0: Ball
1-0: Fly out, F4 (Popup, 4MS)
Batting: RHB Pedro Meza 0-0: Foul Ball, location: 2F
0-1: Ball
1-1: Ball
2-1: Ground out 5-3 (Groundball, 5)
Batting: LHB Will Vale 0-0: Ball
1-0: SOLO HOME RUN (Line Drive, 7LD), Distance : 355 ft
Batting: RHB Earl Wiggins 0-0: Ball
1-0: Called Strike
1-1: Foul Ball, location: 2F
1-2: Ground out 1-3 (Groundball, 15)
Top of the 3rd over - 2 run(s), 2 hit(s), 0 error(s), 0 left on base; Moose Jaw 2 - Bismark 0
BOTTOM OF THE 3RD
Bismark Border Guards batting - Pitching for Moose Jaw Ghostbusters : LHP Martin White
Batting: RHB Mike Wright 0-0: Called Strike
0-1: Ball
1-1: Fly out, F6 (Popup, 6)
Batting: RHB Carlos MacKinney 0-0: Ball
1-0: Ball
2-0: Called Strike
2-1: Foul Ball, location: 2F
2-2: Foul Ball, location: 2F
2-2: Fly out, F9 (Flyball, 9LS)
Batting: RHB Salvador Borbón 0-0: Called Strike
0-1: Ball
1-1: Ball
2-1: Ball
3-1: Foul Ball, location: 2F
3-2: Strikes out swinging
Bottom of the 3rd over - 0 run(s), 0 hit(s), 0 error(s), 0 left on base; Moose Jaw 2 - Bismark 0
TOP OF THE 4TH
Moose Jaw Ghostbusters batting - Pitching for Bismark Border Guards : RHP Ramón Fonseca
Batting: RHB Paco Hernández 0-0: Swinging Strike
0-1: Called Strike
0-2: Ground out 6-3 (Groundball, 6)
Batting: LHB Bartolo Villanueva 0-0: Called Strike
0-1: Ball
1-1: Foul Ball, location: 2F
1-2: Strikes out swinging
Batting: RHB Domingo Matos 0-0: Called Strike
0-1: Swinging Strike
0-2: Strikes out looking
Top of the 4th over - 0 run(s), 0 hit(s), 0 error(s), 0 left on base; Moose Jaw 2 - Bismark 0
BOTTOM OF THE 4TH
Bismark Border Guards batting - Pitching for Moose Jaw Ghostbusters : LHP Martin White
Batting: LHB Jim Jensen 0-0: Ball
1-0: Fly out, F4 (Line Drive, 4M)
Batting: RHB Sean Anderson 0-0: Called Strike
0-1: Ball
1-1: Fly out, F7 (Line Drive, 7M)
Batting: RHB José Cintrón 0-0: Ball
1-0: Called Strike
1-1: Fly out, F4 (Popup, 34D)
Bottom of the 4th over - 0 run(s), 0 hit(s), 0 error(s), 0 left on base; Moose Jaw 2 - Bismark 0
TOP OF THE 5TH
Moose Jaw Ghostbusters batting - Pitching for Bismark Border Guards : RHP Ramón Fonseca
Batting: RHB John Major 0-0: Called Strike
0-1: Swinging Strike
0-2: Ball
1-2: Strikes out looking
Batting: RHB Aaron Wilson 0-0: Ball
1-0: Ball
2-0: Ball
3-0: Base on Balls
Batting: LHB Carlos López 0-0: Ball
1-0: Called Strike
1-1: Ball
2-1: Grounds out, U3 (Groundball, 3L)
Batting: RHB Pedro Meza 0-0: Called Strike
0-1: Ball
1-1: Ground out 1-3 (Groundball, 15)
Top of the 5th over - 0 run(s), 0 hit(s), 0 error(s), 1 left on base; Moose Jaw 2 - Bismark 0
BOTTOM OF THE 5TH
Bismark Border Guards batting - Pitching for Moose Jaw Ghostbusters : LHP Martin White
Batting: LHB John Summers 0-0: SINGLE (Groundball, 34D)
Batting: RHB Enrico Rodríguez 0-0: Called Strike
0-1: Ball
1-1: Fielders Choice at 2nd, 2-4 (Groundball, 2R)
Batting: LHB Nelson Peña 0-0: Ball
1-0: Ball
2-0: Called Strike
2-1: Ball
3-1: Foul Ball, location: 2F
3-2: SINGLE (Groundball, 34)
Enrico Rodríguez to second
Enrico Rodríguez to third
Batting: RHB Mike Wright 0-0: Called Strike
0-1: Ball
1-1: Called Strike
1-2: DOUBLE (Line Drive, 7LD)
Enrico Rodríguez scores
Nelson Peña to third
Batting: RHB Carlos MacKinney 0-0: Called Strike
0-1: Ball
1-1: Ball
2-1: Foul Ball, location: 2F
2-2: Ball
3-2: 3-RUN HOME RUN (Flyball, 78XD), Distance : 412 ft
Batting: RHB Salvador Borbón 0-0: Ball
1-0: Called Strike
1-1: DOUBLE (Flyball, 89M)
Batting: LHB Jim Jensen 0-0: Called Strike
0-1: Swinging Strike
0-2: Ball
1-2: Fly out, F7 (Flyball, 7S)
Batting: RHB Sean Anderson 0-0: Foul Ball, location: 2F
0-1: Ground out 1-3 (Groundball, 23)
Bottom of the 5th over - 4 run(s), 5 hit(s), 0 error(s), 1 left on base; Moose Jaw 2 - Bismark 4
TOP OF THE 6TH
Moose Jaw Ghostbusters batting - Pitching for Bismark Border Guards : RHP Ramón Fonseca
Batting: LHB Will Vale 0-0: Ground out 6-3 (Groundball, 6)
Batting: RHB Earl Wiggins 0-0: Ball
1-0: Foul Ball, location: 2F
1-1: Foul Ball, location: 2F
This league is powered by Out of the Park Baseball, the baseball management simulation game for PC, Mac and Linux
Wednesday, December 2nd, 2015 - OOTP Baseball 16.8 Build 38